 Dungeon Crawl Stone Soup version 0.21.1-1-g345015f (webtiles) character file.

89 Kagorn the Cutter (level 4, 0/35 HPs)
             Began as a Human Berserker on June 10, 2018.
             Was a Believer of Trog.
             Slain by an orc wizard
             ... wielding a +0 dagger
              (3 damage)
             ... on level 2 of the Dungeon.
             The game lasted 00:17:49 (2173 turns).

Kagorn the Cutter (Human Berserker)                 Turns: 2173, Time: 00:17:50

Health: 0/35       AC:  4    Str: 17    XL:     4   Next: 84%
Magic:  4/4        EV:  9    Int:  8    God:    Trog [**....]
Gold:   60         SH:  8    Dex: 13    Spells: 3/3 levels left

rFire    + . .     SeeInvis .   a - +1 short sword
rCold    . . .     Gourm    .   l - +0 shield
rNeg     . . .     Faith    .   k - +0 leather armour
rPois    +         Spirit   .   (no helmet)
rElec    .         Reflect  .   (no cloak)
rCorr    .         Harm     .   (no gloves)
MR       .....                  e - +0 pair of boots
Stlth    ++........             (no amulet)
HPRegen  0.11/turn              f - ring of poison resistance
MPRegen  0.09/turn              j - ring of protection from fire {i}

@: slowed, very slow
A: no striking features
a: Berserk, Trog's Hand, Burn Spellbooks, Renounce Religion


You were on level 2 of the Dungeon.
You worshipped Trog.
Trog was pleased with you.
You were not hungry.

You visited 1 branch of the dungeon, and saw 3 of its levels.

You collected 60 gold pieces.

Inventory:

Hand Weapons
 a - a +1 short sword (weapon)
Armour
 e - a +0 pair of boots (worn)
 k - a +0 leather armour (worn)
 l - a +0 shield (worn)
Jewellery
 f - a ring of poison resistance (left hand)
 i - an uncursed ring of ice
 j - a ring of protection from fire (right hand) {i}
Scrolls
 d - a scroll of identify
 h - a scroll of magic mapping
 m - a scroll of enchant armour {unknown}
Comestibles
 c - a ration


   Skills:
 + Level 3.4 Fighting
 + Level 3.6 Short Blades
 + Level 2.5 Armour
 + Level 2.5 Dodging
 + Level 1.4 Stealth
 + Level 1.0 Shields


You had 3 spell levels left.
You didn't know any spells.

Dungeon Overview and Level Annotations

Branches:
Dungeon (3/15)

Altars:
Ashenzari
Dithmenos
Okawaru
Qazlal
Vehumet
The Shining One


Message History

It was a potion of curing.
You feel better.
The orc wizard gestures at you while chanting.
The magic dart hits you!
* * * LOW HITPOINT WARNING * * *
The orc wizard closely misses you.
The orc priest hits you but does no damage.
You hit the orc priest.
The orc priest is severely wounded.
The orc wizard hits you with a dagger.
* * * LOW HITPOINT WARNING * * *
The orc wizard hits you with a dagger.
* * * LOW HITPOINT WARNING * * *
You block the orc priest's attack.
The orc wizard points at you and mumbles some strange words.
You feel as though you will be slow longer.
The orc priest hits you but does no damage.
You hit the orc priest.
The orc priest is almost dead.
The orc wizard hits you with a dagger.
You die...

#..........# #.########.# #.# #.#
#############.# #####.#
#..........##.# #.....#
#.########.##.# #.##..# #.#
#.##.####.##..####### #.#
######..o.o..............# ## #.#
#....>...@.........#####.# .###.#
#.#######.##......## #.. ..(..#
#.#######.##.......# ### .#####
#.##.......).......###
########.##.####.##.........#####
#.......(........##..............
#.######.##.###..####.......#####
#.# #.##.###..# ##.###.####.. #.#
#.##.##...## #.# #.......


You could see an orc priest and an orc wizard.

Vanquished Creatures
  Robin (D:2)
  2 adders (D:2)
  An ooze (D:1)
  3 dart slugs (D:1)
  A leopard gecko (D:2)
  6 bats
  A giant cockroach (D:1)
  13 goblins
  5 hobgoblins
  2 quokkas (D:2)
  2 frilled lizards (D:1)
  6 kobolds
  3 rats
46 creatures vanquished.

Notes
Turn   | Place    | Note
-------+----------+-------------------------------------------
     0 | D:1      | Kagorn the Human Berserker began the quest for the Orb.
     0 | D:1      | Reached XP level 1. HP: 18/18 MP: 1/1
   124 | D:1      | Reached XP level 2. HP: 19/24 MP: 2/2
   239 | D:1      | Reached XP level 3. HP: 12/29 MP: 3/3
   358 | D:1      | Found a shattered altar of Ashenzari.
   363 | D:1      | Reached skill level 1 in Stealth
   876 | D:1      | Reached ** piety under Trog
   985 | D:2      | Reached XP level 4. HP: 6/35 MP: 4/4
  1326 | D:2      | Noticed Robin
  1349 | D:2      | Killed Robin
  1826 | D:2      | Found an iron altar of Okawaru.
  1830 | D:2      | Found a glowing golden altar of the Shining One.
  1833 | D:2      | Found a shadowy altar of Dithmenos.
  1837 | D:2      | Found a stormy altar of Qazlal.
  1840 | D:2      | Found a radiant altar of Vehumet.
  1994 | D:2      | Reached skill level 1 in Shields
  2173 | D:2      | Slain by an orc wizard

Skill      XL: |  1  2  3  4 |
---------------+-------------+-----
Stealth        | 1 |  1.4
Shields        | 1 |  1.0
Fighting       | |  3.4
Short Blades   | |  3.6
Armour         | |  2.5
Dodging        | |  2.5

Action                   |  1- 3 |  4- 6 || total
-------------------------+-------+-------++-------
Melee: Short sword       |   107 |    98 ||   205
  Use: Scroll            |     4 |     4 ||     8
       Potion            |       |     9 ||     9
 Stab: Sleeping          |     3 |     2 ||     5
  Eat: Ration            |       |     2 ||     2
Armor: Animal skin       |    16 |       ||    16
       Leather armour    |    22 |    37 ||    59
Dodge: Dodged            |    60 |    38 ||    98
Block: Shield            |    22 |    48 ||    70
